Workbook

Sheet Échéancier
A1: Référence facture | B1: Client | C1: Contact | D1: Ville | E1: SIRET | F1: Date facture | G1: Délai paiement (jours) | H1: Date échéance | I1: Montant HT | J1: Taux TVA | K1: Montant TVA | L1: Montant TTC | M1: Montant réglé | N1: Solde restant | O1: Date règlement | P1: Statut | Q1: Jours de retard | R1: Mode de règlement | S1: Commentaires
A2: FAC-2026-001 | B2: Atelier Parisien | C2: Camille | D2: Paris | E2: 55210010000011 | F2: 46027 | G2: =IF(B2="","",IFERROR(VLOOKUP(B2,'Paramètres'!$A$6:$C$105,3,FALSE),30)) | H2: =IF(OR(F2="",G2=""),"",F2+G2) | I2: 12500 | J2: 0.2 | K2: =IF(OR(I2="",J2=""),"",I2*J2) | L2: =IF(OR(I2="",J2=""),"",I2+K2) | M2: 15000 | N2: =IF(L2="","",MAX(0,L2-IF(M2="",0,M2))) | O2: 46055 | P2: =IF(OR(A2="",H2="",L2=""),"",IF(N2=0,"Réglé",IF(TODAY()>H2,IF(M2>0,"Partiellement réglé","En retard"),"À venir"))) | Q2: =IF(OR(A2="",H2="",N2=""),"",IF(AND(N2>0,TODAY()>H2),TODAY()-H2,0)) | R2: Virement | S2: Règlement reçu avant échéance
A3: FAC-2026-002 | B3: Lyon Conseil | C3: Julien | D3: Lyon | E3: 55210020000028 | F3: 46034 | G3: =IF(B3="","",IFERROR(VLOOKUP(B3,'Paramètres'!$A$6:$C$105,3,FALSE),30)) | H3: =IF(OR(F3="",G3=""),"",F3+G3) | I3: 4800 | J3: 0.1 | K3: =IF(OR(I3="",J3=""),"",I3*J3) | L3: =IF(OR(I3="",J3=""),"",I3+K3) | M3: 0 | N3: =IF(L3="","",MAX(0,L3-IF(M3="",0,M3))) | P3: =IF(OR(A3="",H3="",L3=""),"",IF(N3=0,"Réglé",IF(TODAY()>H3,IF(M3>0,"Partiellement réglé","En retard"),"À venir"))) | Q3: =IF(OR(A3="",H3="",N3=""),"",IF(AND(N3>0,TODAY()>H3),TODAY()-H3,0)) | R3: Prélèvement | S3: Relance à programmer
A4: FAC-2026-003 | B4: Marseille Logistique | C4: Chloé | D4: Marseille | E4: 55210030000035 | F4: 46042 | G4: =IF(B4="","",IFERROR(VLOOKUP(B4,'Paramètres'!$A$6:$C$105,3,FALSE),30)) | H4: =IF(OR(F4="",G4=""),"",F4+G4) | I4: 9320 | J4: 0.2 | K4: =IF(OR(I4="",J4=""),"",I4*J4) | L4: =IF(OR(I4="",J4=""),"",I4+K4) | M4: 4500 | N4: =IF(L4="","",MAX(0,L4-IF(M4="",0,M4))) | P4: =IF(OR(A4="",H4="",L4=""),"",IF(N4=0,"Réglé",IF(TODAY()>H4,IF(M4>0,"Partiellement réglé","En retard"),"À venir"))) | Q4: =IF(OR(A4="",H4="",N4=""),"",IF(AND(N4>0,TODAY()>H4),TODAY()-H4,0)) | R4: Virement | S4: Acompte encaissé, solde attendu
A5: FAC-2026-004 | B5: Toulouse Services | C5: Thomas | D5: Toulouse | E5: 55210040000042 | F5: 46050 | G5: =IF(B5="","",IFERROR(VLOOKUP(B5,'Paramètres'!$A$6:$C$105,3,FALSE),30)) | H5: =IF(OR(F5="",G5=""),"",F5+G5) | I5: 3150 | J5: 0.055 | K5: =IF(OR(I5="",J5=""),"",I5*J5) | L5: =IF(OR(I5="",J5=""),"",I5+K5) | M5: 3323.25 | N5: =IF(L5="","",MAX(0,L5-IF(M5="",0,M5))) | O5: 46096 | P5: =IF(OR(A5="",H5="",L5=""),"",IF(N5=0,"Réglé",IF(TODAY()>H5,IF(M5>0,"Partiellement réglé","En retard"),"À venir"))) | Q5: =IF(OR(A5="",H5="",N5=""),"",IF(AND(N5>0,TODAY()>H5),TODAY()-H5,0)) | R5: CB | S5: Règlement complet anticipé
A6: FAC-2026-005 | B6: Bordeaux Création | C6: Léa | D6: Bordeaux | E6: 55210050000059 | F6: 46058 | G6: =IF(B6="","",IFERROR(VLOOKUP(B6,'Paramètres'!$A$6:$C$105,3,FALSE),30)) | H6: =IF(OR(F6="",G6=""),"",F6+G6) | I6: 860 | J6: 0.2 | K6: =IF(OR(I6="",J6=""),"",I6*J6) | L6: =IF(OR(I6="",J6=""),"",I6+K6) | M6: 0 | N6: =IF(L6="","",MAX(0,L6-IF(M6="",0,M6))) | P6: =IF(OR(A6="",H6="",L6=""),"",IF(N6=0,"Réglé",IF(TODAY()>H6,IF(M6>0,"Partiellement réglé","En retard"),"À venir"))) | Q6: =IF(OR(A6="",H6="",N6=""),"",IF(AND(N6>0,TODAY()>H6),TODAY()-H6,0)) | R6: Chèque | S6: Client à relancer
A7: FAC-2026-006 | B7: Lille Distribution | C7: Nicolas | D7: Lille | E7: 55210060000066 | F7: 46065 | G7: =IF(B7="","",IFERROR(VLOOKUP(B7,'Paramètres'!$A$6:$C$105,3,FALSE),30)) | H7: =IF(OR(F7="",G7=""),"",F7+G7) | I7: 6750 | J7: 0.1 | K7: =IF(OR(I7="",J7=""),"",I7*J7) | L7: =IF(OR(I7="",J7=""),"",I7+K7) | M7: 2500 | N7: =IF(L7="","",MAX(0,L7-IF(M7="",0,M7))) | P7: =IF(OR(A7="",H7="",L7=""),"",IF(N7=0,"Réglé",IF(TODAY()>H7,IF(M7>0,"Partiellement réglé","En retard"),"À venir"))) | Q7: =IF(OR(A7="",H7="",N7=""),"",IF(AND(N7>0,TODAY()>H7),TODAY()-H7,0)) | R7: Virement | S7: Paiement partiel reçu
A8: FAC-2026-007 | B8: Nantes Énergie | C8: Manon | D8: Nantes | E8: 55210070000073 | F8: 46071 | G8: =IF(B8="","",IFERROR(VLOOKUP(B8,'Paramètres'!$A$6:$C$105,3,FALSE),30)) | H8: =IF(OR(F8="",G8=""),"",F8+G8) | I8: 2140 | J8: 0.055 | K8: =IF(OR(I8="",J8=""),"",I8*J8) | L8: =IF(OR(I8="",J8=""),"",I8+K8) | M8: 2257.7 | N8: =IF(L8="","",MAX(0,L8-IF(M8="",0,M8))) | O8: 46099 | P8: =IF(OR(A8="",H8="",L8=""),"",IF(N8=0,"Réglé",IF(TODAY()>H8,IF(M8>0,"Partiellement réglé","En retard"),"À venir"))) | Q8: =IF(OR(A8="",H8="",N8=""),"",IF(AND(N8>0,TODAY()>H8),TODAY()-H8,0)) | R8: Prélèvement | S8: Règlement complet
A9: FAC-2026-008 | B9: Strasbourg Digital | C9: Hugo | D9: Strasbourg | E9: 55210080000080 | F9: 46075 | G9: =IF(B9="","",IFERROR(VLOOKUP(B9,'Paramètres'!$A$6:$C$105,3,FALSE),30)) | H9: =IF(OR(F9="",G9=""),"",F9+G9) | I9: 10800 | J9: 0.2 | K9: =IF(OR(I9="",J9=""),"",I9*J9) | L9: =IF(OR(I9="",J9=""),"",I9+K9) | M9: 0 | N9: =IF(L9="","",MAX(0,L9-IF(M9="",0,M9))) | P9: =IF(OR(A9="",H9="",L9=""),"",IF(N9=0,"Réglé",IF(TODAY()>H9,IF(M9>0,"Partiellement réglé","En retard"),"À venir"))) | Q9: =IF(OR(A9="",H9="",N9=""),"",IF(AND(N9>0,TODAY()>H9),TODAY()-H9,0)) | R9: Virement | S9: Relance commerciale en cours
A10: FAC-2026-009 | B10: Nice Horizon | C10: Émilie | D10: Nice | E10: 55210090000097 | F10: 46078 | G10: =IF(B10="","",IFERROR(VLOOKUP(B10,'Paramètres'!$A$6:$C$105,3,FALSE),30)) | H10: =IF(OR(F10="",G10=""),"",F10+G10) | I10: 1450 | J10: 0.021 | K10: =IF(OR(I10="",J10=""),"",I10*J10) | L10: =IF(OR(I10="",J10=""),"",I10+K10) | M10: 1480.45 | N10: =IF(L10="","",MAX(0,L10-IF(M10="",0,M10))) | O10: 46127 | P10: =IF(OR(A10="",H10="",L10=""),"",IF(N10=0,"Réglé",IF(TODAY()>H10,IF(M10>0,"Partiellement réglé","En retard"),"À venir"))) | Q10: =IF(OR(A10="",H10="",N10=""),"",IF(AND(N10>0,TODAY()>H10),TODAY()-H10,0)) | R10: CB | S10: Règlement complet reçu
A11: FAC-2026-010 | B11: Rennes Solutions | C11: Lucas | D11: Rennes | E11: 55210100000104 | F11: 46081 | G11: =IF(B11="","",IFERROR(VLOOKUP(B11,'Paramètres'!$A$6:$C$105,3,FALSE),30)) | H11: =IF(OR(F11="",G11=""),"",F11+G11) | I11: 5250 | J11: 0.1 | K11: =IF(OR(I11="",J11=""),"",I11*J11) | L11: =IF(OR(I11="",J11=""),"",I11+K11) | M11: 3000 | N11: =IF(L11="","",MAX(0,L11-IF(M11="",0,M11))) | P11: =IF(OR(A11="",H11="",L11=""),"",IF(N11=0,"Réglé",IF(TODAY()>H11,IF(M11>0,"Partiellement réglé","En retard"),"À venir"))) | Q11: =IF(OR(A11="",H11="",N11=""),"",IF(AND(N11>0,TODAY()>H11),TODAY()-H11,0)) | R11: Virement | S11: Acompte reçu, solde à suivre
G12: =IF(B12="","",IFERROR(VLOOKUP(B12,'Paramètres'!$A$6:$C$105,3,FALSE),30)) | H12: =IF(OR(F12="",G12=""),"",F12+G12) | K12: =IF(OR(I12="",J12=""),"",I12*J12) | L12: =IF(OR(I12="",J12=""),"",I12+K12) | N12: =IF(L12="","",MAX(0,L12-IF(M12="",0,M12))) | P12: =IF(OR(A12="",H12="",L12=""),"",IF(N12=0,"Réglé",IF(TODAY()>H12,IF(M12>0,"Partiellement réglé","En retard"),"À venir"))) | Q12: =IF(OR(A12="",H12="",N12=""),"",IF(AND(N12>0,TODAY()>H12),TODAY()-H12,0))
G13: =IF(B13="","",IFERROR(VLOOKUP(B13,'Paramètres'!$A$6:$C$105,3,FALSE),30)) | H13: =IF(OR(F13="",G13=""),"",F13+G13) | K13: =IF(OR(I13="",J13=""),"",I13*J13) | L13: =IF(OR(I13="",J13=""),"",I13+K13) | N13: =IF(L13="","",MAX(0,L13-IF(M13="",0,M13))) | P13: =IF(OR(A13="",H13="",L13=""),"",IF(N13=0,"Réglé",IF(TODAY()>H13,IF(M13>0,"Partiellement réglé","En retard"),"À venir"))) | Q13: =IF(OR(A13="",H13="",N13=""),"",IF(AND(N13>0,TODAY()>H13),TODAY()-H13,0))
G14: =IF(B14="","",IFERROR(VLOOKUP(B14,'Paramètres'!$A$6:$C$105,3,FALSE),30)) | H14: =IF(OR(F14="",G14=""),"",F14+G14) | K14: =IF(OR(I14="",J14=""),"",I14*J14) | L14: =IF(OR(I14="",J14=""),"",I14+K14) | N14: =IF(L14="","",MAX(0,L14-IF(M14="",0,M14))) | P14: =IF(OR(A14="",H14="",L14=""),"",IF(N14=0,"Réglé",IF(TODAY()>H14,IF(M14>0,"Partiellement réglé","En retard"),"À venir"))) | Q14: =IF(OR(A14="",H14="",N14=""),"",IF(AND(N14>0,TODAY()>H14),TODAY()-H14,0))
G15: =IF(B15="","",IFERROR(VLOOKUP(B15,'Paramètres'!$A$6:$C$105,3,FALSE),30)) | H15: =IF(OR(F15="",G15=""),"",F15+G15) | K15: =IF(OR(I15="",J15=""),"",I15*J15) | L15: =IF(OR(I15="",J15=""),"",I15+K15) | N15: =IF(L15="","",MAX(0,L15-IF(M15="",0,M15))) | P15: =IF(OR(A15="",H15="",L15=""),"",IF(N15=0,"Réglé",IF(TODAY()>H15,IF(M15>0,"Partiellement réglé","En retard"),"À venir"))) | Q15: =IF(OR(A15="",H15="",N15=""),"",IF(AND(N15>0,TODAY()>H15),TODAY()-H15,0))
G16: =IF(B16="","",IFERROR(VLOOKUP(B16,'Paramètres'!$A$6:$C$105,3,FALSE),30)) | H16: =IF(OR(F16="",G16=""),"",F16+G16) | K16: =IF(OR(I16="",J16=""),"",I16*J16) | L16: =IF(OR(I16="",J16=""),"",I16+K16) | N16: =IF(L16="","",MAX(0,L16-IF(M16="",0,M16))) | P16: =IF(OR(A16="",H16="",L16=""),"",IF(N16=0,"Réglé",IF(TODAY()>H16,IF(M16>0,"Partiellement réglé","En retard"),"À venir"))) | Q16: =IF(OR(A16="",H16="",N16=""),"",IF(AND(N16>0,TODAY()>H16),TODAY()-H16,0))
G17: =IF(B17="","",IFERROR(VLOOKUP(B17,'Paramètres'!$A$6:$C$105,3,FALSE),30)) | H17: =IF(OR(F17="",G17=""),"",F17+G17) | K17: =IF(OR(I17="",J17=""),"",I17*J17) | L17: =IF(OR(I17="",J17=""),"",I17+K17) | N17: =IF(L17="","",MAX(0,L17-IF(M17="",0,M17))) | P17: =IF(OR(A17="",H17="",L17=""),"",IF(N17=0,"Réglé",IF(TODAY()>H17,IF(M17>0,"Partiellement réglé","En retard"),"À venir"))) | Q17: =IF(OR(A17="",H17="",N17=""),"",IF(AND(N17>0,TODAY()>H17),TODAY()-H17,0))
G18: =IF(B18="","",IFERROR(VLOOKUP(B18,'Paramètres'!$A$6:$C$105,3,FALSE),30)) | H18: =IF(OR(F18="",G18=""),"",F18+G18) | K18: =IF(OR(I18="",J18=""),"",I18*J18) | L18: =IF(OR(I18="",J18=""),"",I18+K18) | N18: =IF(L18="","",MAX(0,L18-IF(M18="",0,M18))) | P18: =IF(OR(A18="",H18="",L18=""),"",IF(N18=0,"Réglé",IF(TODAY()>H18,IF(M18>0,"Partiellement réglé","En retard"),"À venir"))) | Q18: =IF(OR(A18="",H18="",N18=""),"",IF(AND(N18>0,TODAY()>H18),TODAY()-H18,0))
G19: =IF(B19="","",IFERROR(VLOOKUP(B19,'Paramètres'!$A$6:$C$105,3,FALSE),30)) | H19: =IF(OR(F19="",G19=""),"",F19+G19) | K19: =IF(OR(I19="",J19=""),"",I19*J19) | L19: =IF(OR(I19="",J19=""),"",I19+K19) | N19: =IF(L19="","",MAX(0,L19-IF(M19="",0,M19))) | P19: =IF(OR(A19="",H19="",L19=""),"",IF(N19=0,"Réglé",IF(TODAY()>H19,IF(M19>0,"Partiellement réglé","En retard"),"À venir"))) | Q19: =IF(OR(A19="",H19="",N19=""),"",IF(AND(N19>0,TODAY()>H19),TODAY()-H19,0))
G20: =IF(B20="","",IFERROR(VLOOKUP(B20,'Paramètres'!$A$6:$C$105,3,FALSE),30)) | H20: =IF(OR(F20="",G20=""),"",F20+G20) | K20: =IF(OR(I20="",J20=""),"",I20*J20) | L20: =IF(OR(I20="",J20=""),"",I20+K20) | N20: =IF(L20="","",MAX(0,L20-IF(M20="",0,M20))) | P20: =IF(OR(A20="",H20="",L20=""),"",IF(N20=0,"Réglé",IF(TODAY()>H20,IF(M20>0,"Partiellement réglé","En retard"),"À venir"))) | Q20: =IF(OR(A20="",H20="",N20=""),"",IF(AND(N20>0,TODAY()>H20),TODAY()-H20,0))
G21: =IF(B21="","",IFERROR(VLOOKUP(B21,'Paramètres'!$A$6:$C$105,3,FALSE),30)) | H21: =IF(OR(F21="",G21=""),"",F21+G21) | K21: =IF(OR(I21="",J21=""),"",I21*J21) | L21: =IF(OR(I21="",J21=""),"",I21+K21) | N21: =IF(L21="","",MAX(0,L21-IF(M21="",0,M21))) | P21: =IF(OR(A21="",H21="",L21=""),"",IF(N21=0,"Réglé",IF(TODAY()>H21,IF(M21>0,"Partiellement réglé","En retard"),"À venir"))) | Q21: =IF(OR(A21="",H21="",N21=""),"",IF(AND(N21>0,TODAY()>H21),TODAY()-H21,0))
G22: =IF(B22="","",IFERROR(VLOOKUP(B22,'Paramètres'!$A$6:$C$105,3,FALSE),30)) | H22: =IF(OR(F22="",G22=""),"",F22+G22) | K22: =IF(OR(I22="",J22=""),"",I22*J22) | L22: =IF(OR(I22="",J22=""),"",I22+K22) | N22: =IF(L22="","",MAX(0,L22-IF(M22="",0,M22))) | P22: =IF(OR(A22="",H22="",L22=""),"",IF(N22=0,"Réglé",IF(TODAY()>H22,IF(M22>0,"Partiellement réglé","En retard"),"À venir"))) | Q22: =IF(OR(A22="",H22="",N22=""),"",IF(AND(N22>0,TODAY()>H22),TODAY()-H22,0))
G23: =IF(B23="","",IFERROR(VLOOKUP(B23,'Paramètres'!$A$6:$C$105,3,FALSE),30)) | H23: =IF(OR(F23="",G23=""),"",F23+G23) | K23: =IF(OR(I23="",J23=""),"",I23*J23) | L23: =IF(OR(I23="",J23=""),"",I23+K23) | N23: =IF(L23="","",MAX(0,L23-IF(M23="",0,M23))) | P23: =IF(OR(A23="",H23="",L23=""),"",IF(N23=0,"Réglé",IF(TODAY()>H23,IF(M23>0,"Partiellement réglé","En retard"),"À venir"))) | Q23: =IF(OR(A23="",H23="",N23=""),"",IF(AND(N23>0,TODAY()>H23),TODAY()-H23,0))
... G101: =IF(B101="","",IFERROR(VLOOKUP(B101,'Paramètres'!$A$6:$C$105,3,FALSE),30)) | H101: =IF(OR(F101="",G101=""),"",F101+G101) | K101: =IF(OR(I101="",J101=""),"",I101*J101) | L101: =IF(OR(I101="",J101=""),"",I101+K101) | N101: =IF(L101="","",MAX(0,L101-IF(M101="",0,M101))) | P101: =IF(OR(A101="",H101="",L101=""),"",IF(N101=0,"Réglé",IF(TODAY()>H101,IF(M101>0,"Partiellement réglé","En retard"),"À venir"))) | Q101: =IF(OR(A101="",H101="",N101=""),"",IF(AND(N101>0,TODAY()>H101),TODAY()-H101,0))

Sheet Synthèse
A1: Synthèse de l'échéancier des paiements
A3: Indicateur | B3: Valeur | D3: Indicateur | E3: Valeur | G3: Statut | H3: Nombre | I3: Montant TTC | J3: Solde restant
A4: Total facturé TTC | B4: =SUM('Échéancier'!$L$2:$L$101) | D4: Nombre de factures en retard | E4: =COUNTIF('Échéancier'!$P$2:$P$101,"En retard") | G4: À venir | H4: =COUNTIF('Échéancier'!$P$2:$P$101,G4) | I4: =SUMIF('Échéancier'!$P$2:$P$101,G4,'Échéancier'!$L$2:$L$101) | J4: =SUMIF('Échéancier'!$P$2:$P$101,G4,'Échéancier'!$N$2:$N$101)
A5: Total encaissé | B5: =SUM('Échéancier'!$M$2:$M$101) | D5: Taux d'encaissement | E5: =IFERROR(SUM('Échéancier'!$M$2:$M$101)/SUM('Échéancier'!$L$2:$L$101),0) | G5: En retard | H5: =COUNTIF('Échéancier'!$P$2:$P$101,G5) | I5: =SUMIF('Échéancier'!$P$2:$P$101,G5,'Échéancier'!$L$2:$L$101) | J5: =SUMIF('Échéancier'!$P$2:$P$101,G5,'Échéancier'!$N$2:$N$101)
A6: Solde à recouvrer | B6: =SUM('Échéancier'!$N$2:$N$101) | D6: Nombre de factures réglées | E6: =COUNTIF('Échéancier'!$P$2:$P$101,"Réglé") | G6: Partiellement réglé | H6: =COUNTIF('Échéancier'!$P$2:$P$101,G6) | I6: =SUMIF('Échéancier'!$P$2:$P$101,G6,'Échéancier'!$L$2:$L$101) | J6: =SUMIF('Échéancier'!$P$2:$P$101,G6,'Échéancier'!$N$2:$N$101)
A7: Montant moyen des factures | B7: =IFERROR(AVERAGE('Échéancier'!$L$2:$L$101),0) | G7: Réglé | H7: =COUNTIF('Échéancier'!$P$2:$P$101,G7) | I7: =SUMIF('Échéancier'!$P$2:$P$101,G7,'Échéancier'!$L$2:$L$101) | J7: =SUMIF('Échéancier'!$P$2:$P$101,G7,'Échéancier'!$N$2:$N$101)
A10: Mois d'échéance | B10: Fin de mois | C10: Encaissements prévus TTC
A11: 46023 | B11: 46053 | C11: =IFERROR(SUMIFS('Échéancier'!$L$2:$L$101,'Échéancier'!$H$2:$H$101,">="&$A11,'Échéancier'!$H$2:$H$101,"<="&$B11),0)
A12: 46054 | B12: 46081 | C12: =IFERROR(SUMIFS('Échéancier'!$L$2:$L$101,'Échéancier'!$H$2:$H$101,">="&$A12,'Échéancier'!$H$2:$H$101,"<="&$B12),0)
A13: 46082 | B13: 46112 | C13: =IFERROR(SUMIFS('Échéancier'!$L$2:$L$101,'Échéancier'!$H$2:$H$101,">="&$A13,'Échéancier'!$H$2:$H$101,"<="&$B13),0)
A14: 46113 | B14: 46142 | C14: =IFERROR(SUMIFS('Échéancier'!$L$2:$L$101,'Échéancier'!$H$2:$H$101,">="&$A14,'Échéancier'!$H$2:$H$101,"<="&$B14),0)
A15: 46143 | B15: 46173 | C15: =IFERROR(SUMIFS('Échéancier'!$L$2:$L$101,'Échéancier'!$H$2:$H$101,">="&$A15,'Échéancier'!$H$2:$H$101,"<="&$B15),0)
A16: 46174 | B16: 46203 | C16: =IFERROR(SUMIFS('Échéancier'!$L$2:$L$101,'Échéancier'!$H$2:$H$101,">="&$A16,'Échéancier'!$H$2:$H$101,"<="&$B16),0)
A17: 46204 | B17: 46234 | C17: =IFERROR(SUMIFS('Échéancier'!$L$2:$L$101,'Échéancier'!$H$2:$H$101,">="&$A17,'Échéancier'!$H$2:$H$101,"<="&$B17),0)
A18: 46235 | B18: 46265 | C18: =IFERROR(SUMIFS('Échéancier'!$L$2:$L$101,'Échéancier'!$H$2:$H$101,">="&$A18,'Échéancier'!$H$2:$H$101,"<="&$B18),0)
A19: 46266 | B19: 46295 | C19: =IFERROR(SUMIFS('Échéancier'!$L$2:$L$101,'Échéancier'!$H$2:$H$101,">="&$A19,'Échéancier'!$H$2:$H$101,"<="&$B19),0)
A20: 46296 | B20: 46326 | C20: =IFERROR(SUMIFS('Échéancier'!$L$2:$L$101,'Échéancier'!$H$2:$H$101,">="&$A20,'Échéancier'!$H$2:$H$101,"<="&$B20),0)
A21: 46327 | B21: 46356 | C21: =IFERROR(SUMIFS('Échéancier'!$L$2:$L$101,'Échéancier'!$H$2:$H$101,">="&$A21,'Échéancier'!$H$2:$H$101,"<="&$B21),0)
A22: 46357 | B22: 46387 | C22: =IFERROR(SUMIFS('Échéancier'!$L$2:$L$101,'Échéancier'!$H$2:$H$101,">="&$A22,'Échéancier'!$H$2:$H$101,"<="&$B22),0)

Sheet Paramètres
A1: Paramètres de l'échéancier
A2: Les cellules jaunes sont modifiables. Les délais clients alimentent automatiquement la feuille Échéancier.
A5: Client | B5: Catégorie client | C5: Délai paiement (jours)
A6: Atelier Parisien | B6: PME | C6: 30
A7: Lyon Conseil | B7: Grand compte | C7: 45
A8: Marseille Logistique | B8: PME | C8: 60
A9: Toulouse Services | B9: Collectivité | C9: 60
A10: Bordeaux Création | B10: Association | C10: 30
A11: Lille Distribution | B11: Grand compte | C11: 45
A12: Nantes Énergie | B12: PME | C12: 30
A13: Strasbourg Digital | B13: PME | C13: 45
A14: Nice Horizon | B14: Association | C14: 60
A15: Rennes Solutions | B15: Collectivité | C15: 60
A108: Libellé TVA | B108: Taux TVA
A109: TVA normale | B109: 0.2
A110: TVA intermédiaire | B110: 0.1
A111: TVA réduite | B111: 0.055
A112: TVA particulière | B112: 0.021
A115: Modes de règlement
A116: Virement
A117: Prélèvement
A118: CB
A119: Chèque

Sheet Mode d'emploi
A1: Mode d'emploi du tableau d'échéancier
A3: Feuille | B3: Utilisation
A4: Échéancier | B4: Saisissez une facture sur une ligne jaune. Les colonnes Délai paiement, Date échéance, TVA, TTC, Solde restant, Statut et Jours de retard sont calculées automatiquement.
A5: Échéancier | B5: Utilisez les listes déroulantes pour le client, le taux de TVA et le mode de règlement. Le montant réglé peut être modifié à chaque encaissement.
A6: Échéancier | B6: Le statut dépend du solde restant et de la date d'échéance : À venir, En retard, Partiellement réglé ou Réglé.
A7: Synthèse | B7: Consultez les indicateurs de facturation, d'encaissement et de recouvrement ainsi que les graphiques de suivi.
A8: Paramètres | B8: Ajoutez ou modifiez les clients, catégories et délais de paiement. Les 100 lignes disponibles permettent d'étendre la base clients.
A9: Couleurs | B9: Jaune pâle : saisie manuelle. Vert : règlement positif ou facture réglée. Orange : échéance à venir ou total. Rouge : retard de paiement.
A10: Conseil | B10: Conservez la référence facture unique, saisissez le montant réglé TTC et renseignez la date de règlement uniquement lorsque le paiement est complet.
